 Dungeon Crawl Stone Soup version 0.31-a0-1616-gbeaec30b81 (webtiles) character file.

Game seed: 4255369092785161349

185 voltaire321 the Digger (level 5, -2/34 HPs)
             Began as an Octopode Earth Elementalist on Jan 11, 2024.
             Slain by an orc
             ... wielding a +0 whip
              (5 damage)
             ... on level 4 of the Dungeon.
             The game lasted 00:06:11 (2901 turns).

voltaire321 the Digger (OpEE)                       Turns: 2901, Time: 00:06:11

Health: -2/34      AC:  1    Str:  8    XL:     5   Next: 64%
Magic:  5/9        EV: 14    Int: 25    God:
Gold:   217        SH:  0    Dex: 12    Spells: 5/9 levels left

rFire   . . .        o - +2 falchion (holy)
rCold   . . .        (no shield)
rNeg    . . .        (helmet restricted)
rPois   .            (no amulet)
rElec   .            j - +6 ring of intelligence
rCorr   .            (no ring)
SInv    .            (no ring)
Will    .....        (no ring)
Stlth   +++          (no ring)
HPRegen 0.25/turn    (no ring)
MPRegen 0.11/turn    (no ring)
                     (no ring)

%: no passive effects
@: no status effects
A: almost no armour, amphibious, 8 rings, camouflage 1, gelatinous body 1,
(nimble swimmer 1), tentacles
a: no special abilities


You were on level 4 of the Dungeon.
You visited 1 branch of the dungeon, and saw 4 of its levels.

You collected 217 gold pieces.

Inventory:

Hand Weapons
 o - a +2 falchion of holy wrath (weapon)
Jewellery
 j - a +6 ring of intelligence (left tentacle)
Wands
 m - a wand of flame (24)
Scrolls
 b - a scroll of vulnerability {unknown}
 c - 2 scrolls of teleportation {unknown}
 e - 3 scrolls of identify {unknown}
 h - a scroll of summoning {unknown}
 l - a scroll of poison {unknown}
Potions
 a - a potion of magic
 d - 3 potions of heal wounds {unknown}
 g - a potion of haste {unknown}
 i - a potion of invisibility {unknown}
 k - a potion of lignification {unknown}
 n - a potion of berserk rage {unknown}


   Skills:
 + Level 1.8 Fighting
 * Level 3.5 Dodging
 - Level 2.7 Stealth
 + Level 2.8 Spellcasting
 - Level 1.0 Conjurations
 * Level 4.2 Earth Magic


You had 5 spell levels left.
You knew the following spells:

 Your Spells              Type           Power      Damage    Failure   Level
a - Sandblast             Erth           48%        2d12      1%          1
b - Passwall              Erth           24%        N/A       5%          3

Your spell library contained the following spells:

 Spells                   Type           Power      Damage    Failure   Level
 Stone Arrow              Conj/Erth      32%        3d9       11%         3
 Brom's Barrelling Bould  Conj/Erth      16%        2d4       34%         4
 Petrify                  Alch/Erth      14%        N/A       41%         4


Dungeon Overview and Level Annotations

Branches:
Dungeon (4/15)
 Temple: D:4-7

Altars:


Innate Abilities, Weirdness & Mutations

You cannot wear most types of armour.
You are amphibious.
You can wear up to eight rings at the same time.
Your skin changes colour to match your surroundings (Stealth+).
Your rubbery body absorbs attacks. (AC +1, EV +1)
((You are camouflaged when in or above water. (Stealth+)))
You have tentacles for arms and can constrict up to eight enemies at once.


Message History

The orc closely misses you.
You barely miss the orc. You grab the orc.
The orc is heavily wounded.
You constrict the orc, but do no damage.
You lose your grip on the orc.
The orc hits you with a +0 club. The orc barely misses you.
You hit the orc.
You kill the orc!
The orc barely misses you. The orc hits you with a +0 whip.
You hit the orc priest. You grab the orc priest.
The orc priest is moderately wounded.
You constrict the orc priest.
The orc priest calls down the wrath of Beogh upon you.
Pain shoots through your body! The orc barely misses you.
The orc hits you with a +0 club.
Aiming: Sandblast (safe; 1% risk of failure)
Press: ? - help, Q - select action, (/) - cycle Shift-Dir - straight line, f - orc priest
Aim: an orc priest, wielding a +0 club (moderately wounded, constricted by you, 100% to hit)
The blast of sand hits the orc priest!!
You kill the orc priest!
The orc barely misses you. The orc hits you with a +0 club. The orc misses you.
The orc hits you with a +0 club.
* * * LOW HITPOINT WARNING * * *
The orc completely misses you.
Aiming: Sandblast (safe; 1% risk of failure)
Press: ? - help, Q - select action, (/) - cycle Shift-Dir - straight line, f - orc
Aim: an orc, wielding a +0 whip and wearing a +0 ring mail (85% to hit)
The blast of sand misses the orc.
The orc closely misses you. The orc barely misses you.
The orc closely misses you.
Aiming: Sandblast (safe; 1% risk of failure)
Press: ? - help, Q - select action, (/) - cycle Shift-Dir - straight line, f - orc, p - orc
Aim: an orc, wielding a +2 mace of protection (83% to hit)
The blast of sand hits the orc.
The orc is heavily wounded.
The orc misses you.
The orc hits you with a +2 mace of protection!
* * * LOW HITPOINT WARNING * * *
The orc hits you with a +0 whip.
You die...

#......... #.........
#.........
##########.........
#..................
#..................
#######..................
#.....)oo................
#......o@................
#......#######...........
#...... #.....######
#...... #.....# #......
#.....# #...... #.....#
#(....( #.....# #######
#######


You could see 3 orcs.

Vanquished Creatures
  An orc priest (D:4)
  3 gnolls (D:4)
  5 adders
  4 dart slugs
  2 ribbon worms
  3 orcs
  6 endoplasms
  2 giant cockroaches (D:1)
  8 goblins
  2 hobgoblins
  5 quokkas
  6 ball pythons
  2 bats (D:1)
  2 frilled lizards
  8 kobolds
  10 rats
69 creatures vanquished.

Notes
Turn   | Place    | Note
-------+----------+-------------------------------------------
     0 | D:1      | voltaire321 the Octopode Earth Elementalist began the quest
                  | for the Orb.
     0 | D:1      | Reached XP level 1. HP: 11/11 MP: 3/3
   227 | D:1      | Reached XP level 2. HP: 18/18 MP: 1/5
   685 | D:1      | Reached XP level 3. HP: 22/22 MP: 2/6
   687 | D:1      | Reached skill level 1 in Fighting
  1052 | D:2      | Learned a level 3 spell: Passwall
  1350 | D:2      | Found a faded altar of an unknown god.
  1455 | D:2      | Reached XP level 4. HP: 28/28 MP: 3/7
  2737 | D:4      | Reached XP level 5. HP: 33/33 MP: 5/9
  2803 | D:4      | Noticed a phantom
  2809 | D:4      | Reached skill level 4 in Earth Magic
  2901 | D:4      | Slain by an orc

Illustrated notes

Levels and vault maps discovered:
D:1:      mainiacjoe_arrival_reflecting_pool, layout_loops_cross
D:2:      layout_basic, ebering_ecumenical_altar_rust
D:3:      layout_loops_ring, minmay_fractal_squares_5
D:4:      layout_gridville, nicolae_uskayaw_murder_on_the_dancefloor,
          serial_shops, shop, nicolae_shop_overcharged_wands

Skill      XL: |  1  2  3  4  5 |
---------------+----------------+-----
Fighting       | 1 |  1.8
Dodging        | 3 |  3.5
Earth Magic    | 4 |  4.2
Stealth        | |  2.7
Spellcasting   | |  2.8
Conjurations   | |  1.0

Action                     |  1- 3 |  4- 6 || total
---------------------------+-------+-------++-------
  Melee: Dagger            |     5 |     9 ||    14
         Constrict         |     1 |     5 ||     6
         Tentacles         |       |     1 ||     1
         Falchion          |       |     4 ||     4
   Cast: Sandblast         |    51 |    34 ||    85
 Armour: Skin              |     1 |    13 ||    14
  Dodge: Dodged            |     8 |    22 ||    30

Table legend: (Time is in decaauts)
 A = Elapsed time spent in this place.
 B = Non-inter-level travel time spent in this place.
 C = Inter-level travel time spent in this place.
 D = Time resting spent in this place.
 E = Time spent auto-exploring this place.
 F = Levels seen in this place.
 G = Mean time per level.
                   A        B        C        D        E       F      G
               +--------+--------+--------+--------+--------+-----+--------+
         Total |   2941 |   2841 |    100 |    352 |   2011 |   4 |  735.2 |
       Dungeon |   2941 |   2841 |    100 |    352 |   2011 |   4 |  735.2 |
               +--------+--------+--------+--------+--------+-----+--------+

Top non-repeatable levels by time:
     D:1: 1058 daAuts
     D:3: 919 daAuts
     D:2: 747 daAuts
     D:4: 216 daAuts
